RL
ROCKY MOUNTAIN OYSTERS @ BELLE RIVER BOMBERS
04/20/2060
 
TOP OF THE 1ST
Rocky Mountain Oysters batting - Pitching for Belle River Bombers : LHP Fred Hess
Pitching: LHP Fred Hess
Batting: RHB Raven Schimmenti 0-0: Called Strike
0-1: Ball
1-1: Ball
2-1: Bunt for hit to 15 - play at first, batter OUT! 1-3
Batting: RHB Landon Bolin 0-0: Swinging Strike
0-1: Ball
1-1: Foul Ball, location: 2F
1-2: Foul Ball, location: 2F
1-2: Foul Ball, location: 2F
1-2: Ball
2-2: Ball
3-2: Foul Ball, location: 2F
3-2: Ground out 5-3 (Groundball, 5S, EV 90.0 MPH)
Batting: RHB Phoenix Meade 0-0: Swinging Strike
0-1: Swinging Strike
0-2: Foul Ball, location: 2F
0-2: Ball
1-2: Foul Ball, location: 2F
1-2: Fly out, F8 (Line Drive, 89M, EV 107.5 MPH)
Top of the 1st over - 0 runs, 0 hits, 0 errors, 0 left on base; Rocky Mountain 0 - Belle River 0
BOTTOM OF THE 1ST
Belle River Bombers batting - Pitching for Rocky Mountain Oysters : RHP Brian White
Pitching: RHP Brian White
Batting: RHB Ny Medrano 0-0: Called Strike
0-1: Foul Ball, location: 2F
0-2: Ball
1-2: Ball
2-2: Ground out 5-3 (Groundball, 56S, EV 71.9 MPH)
Batting: RHB Mitchell Shook 0-0: SINGLE (Groundball, 6D, EV 103.1 MPH)
Batting: RHB Orion Rivera 0-0: Swinging Strike
0-1: Ball
1-1: Ball
2-1: Called Strike
Pickoff Throw by Catcher to First - Out!
2-2: Ground out 1-3 (Groundball, 13S, EV 71.2 MPH)
Bottom of the 1st over - 0 runs, 1 hit, 0 errors, 0 left on base; Rocky Mountain 0 - Belle River 0
TOP OF THE 2ND
Rocky Mountain Oysters batting - Pitching for Belle River Bombers : LHP Fred Hess
Batting: LHB Louis May 0-0: Ball
1-0: Fly out, F7 (Flyball, 7S, EV 80.6 MPH)
Batting: RHB Morrison Suttle 0-0: Called Strike
0-1: Ball
1-1: Ball
2-1: Ball
3-1: Swinging Strike
3-2: SINGLE (Line Drive, 8RS, EV 94.4 MPH)
Batting: LHB Sebastien Thompson 0-0: Called Strike
0-1: DOUBLE (Line Drive, 7LD, EV 107.5 MPH)
Morrison Suttle to third
Batting: SHB Seth McNeill 0-0: Ball
1-0: Ground out 3-1 (Groundball, 34, EV 98.8 MPH)
Morrison Suttle scores
Sebastien Thompson to third
Batting: RHB Jim Needham 0-0: Called Strike
0-1: Ball
1-1: Swinging Strike
1-2: Ball
2-2: Ball
3-2: Strikes out looking
Top of the 2nd over - 1 run, 2 hits, 0 errors, 1 left on base; Rocky Mountain 1 - Belle River 0
BOTTOM OF THE 2ND
Belle River Bombers batting - Pitching for Rocky Mountain Oysters : RHP Brian White
Batting: LHB Uriah Kringen 0-0: Called Strike
0-1: SOLO HOME RUN (Line Drive, 9D, EV 96.2 MPH), Distance : 357 ft
Batting: RHB Kyle Fielding 0-0: Swinging Strike
0-1: Foul Ball, location: 2F
0-2: Strikes out swinging
Batting: RHB Jovani DeCaria 0-0: Foul Ball, location: 2F
0-1: Ball
1-1: Ball
2-1: Called Strike
2-2: Foul Ball, location: 2F
2-2: Ground out 1-3 (Groundball, P, EV 70.6 MPH)
Batting: LHB Damir Clifford 0-0: Ball
1-0: Swinging Strike
1-1: Foul Ball, location: 2F
1-2: Strikes out swinging
Bottom of the 2nd over - 1 run, 1 hit, 0 errors, 0 left on base; Rocky Mountain 1 - Belle River 1
TOP OF THE 3RD
Rocky Mountain Oysters batting - Pitching for Belle River Bombers : LHP Fred Hess
Batting: RHB Grady Williams 0-0: Fly out, F8 (Flyball, 78M, EV 89.4 MPH)
Batting: RHB Raven Schimmenti 0-0: Called Strike
0-1: Ball
1-1: SINGLE (Flyball, 7LS, EV 93.1 MPH)
Batting: RHB Landon Bolin 0-0: Called Strike
0-1: Ball
1-1: Ball
2-1: Foul Ball, location: 2F
2-2: Grounds into double play, 5-4-3 (Groundball, 56S, EV 76.9 MPH)
Top of the 3rd over - 0 runs, 1 hit, 0 errors, 0 left on base; Rocky Mountain 1 - Belle River 1
BOTTOM OF THE 3RD
Belle River Bombers batting - Pitching for Rocky Mountain Oysters : RHP Brian White
Batting: RHB Jameon Gouin 0-0: Called Strike
0-1: Ball
1-1: Ground out 5-3 (Groundball, 5S, EV 66.2 MPH)
Batting: LHB Leroy Sanderson 0-0: Called Strike
0-1: Swinging Strike
0-2: Ball
1-2: Foul Ball, location: 2F
1-2: Ball
2-2: Strikes out looking
Batting: RHB Ny Medrano 0-0: Foul Ball, location: 2F
0-1: Ground out U3 (Groundball, 3, EV 100.0 MPH)
Bottom of the 3rd over - 0 runs, 0 hits, 0 errors, 0 left on base; Rocky Mountain 1 - Belle River 1
TOP OF THE 4TH
Rocky Mountain Oysters batting - Pitching for Belle River Bombers : LHP Fred Hess
Batting: RHB Phoenix Meade 0-0: Called Strike
0-1: Ball
1-1: Called Strike
1-2: SINGLE (Groundball, 6MD, EV 106.9 MPH)
Batting: LHB Louis May 0-0: Ball
1-0: Fielders Choice at 2nd, 1-4 (Groundball, 15S, EV 66.9 MPH)
Batting: RHB Morrison Suttle 0-0: Foul Ball, location: 2F
0-1: Called Strike
0-2: Fly out, F9 (Flyball, 89S, EV 73.8 MPH)
Batting: LHB Sebastien Thompson 0-0: Ball
1-0: Ground out 6-3 (Groundball, 6M, EV 95.6 MPH)
Top of the 4th over - 0 runs, 1 hit, 0 errors, 1 left on base; Rocky Mountain 1 - Belle River 1
BOTTOM OF THE 4TH
Belle River Bombers batting - Pitching for Rocky Mountain Oysters : RHP Brian White
Batting: RHB Mitchell Shook 0-0: Foul Ball, location: 2F
0-1: Called Strike
0-2: Foul Ball, location: 2F
0-2: Ball
1-2: Foul Ball, location: 2F
1-2: Ball
2-2: Ground out 1-3 (Groundball, 34S, EV 60.6 MPH)
Batting: RHB Orion Rivera 0-0: DOUBLE (Flyball, 89XD, EV 97.5 MPH) - OUT at third base trying to stretch hit.
Batting: LHB Uriah Kringen 0-0: Ball
1-0: Fly out, F8 (Flyball, 8LS, EV 78.8 MPH)
Bottom of the 4th over - 0 runs, 1 hit, 0 errors, 0 left on base; Rocky Mountain 1 - Belle River 1
TOP OF THE 5TH
Rocky Mountain Oysters batting - Pitching for Belle River Bombers : LHP Fred Hess
Batting: SHB Seth McNeill 0-0: Ground out 5-3 (Groundball, 56, EV 88.1 MPH)
Batting: RHB Jim Needham 0-0: Ball
1-0: Ball
2-0: Foul Ball, location: 2F
2-1: Ball
3-1: Foul Ball, location: 2F
3-2: Strikes out looking
Batting: RHB Grady Williams 0-0: Ball
1-0: Foul Ball, location: 2F
1-1: Foul Ball, location: 2F
1-2: Strikes out swinging
Top of the 5th over - 0 runs, 0 hits, 0 errors, 0 left on base; Rocky Mountain 1 - Belle River 1
BOTTOM OF THE 5TH
Belle River Bombers batting - Pitching for Rocky Mountain Oysters : RHP Brian White
Batting: RHB Kyle Fielding 0-0: Ball
1-0: Ball
2-0: Ball
3-0: Base on Balls
Batting: RHB Jovani DeCaria 0-0: Ball
1-0: Ball
2-0: Called Strike
2-1: Ball
3-1: Base on Balls
Kyle Fielding to second
Batting: LHB Damir Clifford 0-0: Ball
1-0: Ball
Wild Pitch!
Kyle Fielding to third
Jovani DeCaria to second
2-0: Called Strike
2-1: Ground out 4-3 (Groundball, 4, EV 84.4 MPH)
Kyle Fielding scores
Jovani DeCaria to third
Batting: RHB Jameon Gouin 0-0: Swinging Strike
0-1: Ball
1-1: Called Strike
1-2: Ball
2-2: Ground out 6-3 (Groundball, 56, EV 103.1 MPH)
Jovani DeCaria scores
Batting: LHB Leroy Sanderson 0-0: Ball
1-0: Called Strike
1-1: Ball
2-1: Called Strike
2-2: Foul Ball, location: 2F
2-2: Fly out, F3 (Line Drive, 34, EV 72.5 MPH)
Bottom of the 5th over - 2 runs, 0 hits, 0 errors, 0 left on base; Rocky Mountain 1 - Belle River 3
TOP OF THE 6TH
Rocky Mountain Oysters batting - Pitching for Belle River Bombers : LHP Fred Hess
Batting: RHB Raven Schimmenti 0-0: Ball
1-0: Foul Ball, location: 2F
1-1: Called Strike
1-2: Strikes out swinging
Batting: RHB Landon Bolin 0-0: Ground out 6-3 (Groundball, 6, EV 81.9 MPH)
Batting: RHB Phoenix Meade 0-0: Ball
1-0: Called Strike
1-1: Fly out, F9 (Line Drive, 9, EV 93.8 MPH)
Top of the 6th over - 0 runs, 0 hits, 0 errors, 0 left on base; Rocky Mountain 1 - Belle River 3
BOTTOM OF THE 6TH
Belle River Bombers batting - Pitching for Rocky Mountain Oysters : RHP Brian White
Batting: RHB Ny Medrano 0-0: Swinging Strike
0-1: Swinging Strike
0-2: Foul Ball, location: 2F
0-2: Ball
1-2: Foul Ball, location: 2F
1-2: SINGLE (Flyball, 6D, EV 90.6 MPH)
Batting: RHB Mitchell Shook 0-0: Reached on error, E1 (Groundball, 15, EV 43.8 MPH)
Ny Medrano to second
Batting: RHB Orion Rivera 0-0: Ball
1-0: Called Strike
1-1: SINGLE (Flyball, 4D, EV 93.1 MPH)
Ny Medrano to third
Mitchell Shook to second
Batting: LHB Uriah Kringen 0-0: Swinging Strike
0-1: Foul Ball, location: 2F
0-2: Ball
1-2: Ball
2-2: Foul Ball, location: 2F
2-2: Ball
3-2: Fly out, F7 (Flyball, 7, EV 87.5 MPH)
Runner from 3rd tags up, SCORES, throw by LF
Batting: RHB Kyle Fielding 0-0: Called Strike
0-1: Ball
1-1: Ball
2-1: Called Strike
2-2: Ball
3-2: Foul Ball, location: 2F
3-2: Foul Ball, location: 2F
3-2: Fly out, F8 (Flyball, 8LD, EV 90.0 MPH)
Batting: RHB Jovani DeCaria 0-0: Ground out 1-3 (Groundball, 34S, EV 68.8 MPH)
Bottom of the 6th over - 1 run, 2 hits, 1 error, 2 left on base; Rocky Mountain 1 - Belle River 4
TOP OF THE 7TH
Rocky Mountain Oysters batting - Pitching for Belle River Bombers : LHP Fred Hess
Batting: LHB Louis May 0-0: Called Strike
0-1: Foul Ball, location: 2F
0-2: Fly out, F7 (Flyball, 78M, EV 88.8 MPH)
Batting: RHB Morrison Suttle 0-0: Swinging Strike
0-1: Called Strike
0-2: Strikes out swinging
Batting: LHB Sebastien Thompson 0-0: Swinging Strike
0-1: Swinging Strike
0-2: Ball
1-2: Ball
2-2: Foul Ball, location: 2F
2-2: Ball
3-2: Base on Balls
Pitching: RHP Josiah Scaggs
Batting: SHB Seth McNeill 0-0: Called Strike
Sebastien Thompson steals 2nd base
0-1: Foul Ball, location: 2F
0-2: Ball
1-2: Ball
2-2: Ball
3-2: Base on Balls
Batting: LHB Al Kinney 0-0: Ball
1-0: Called Strike
1-1: Foul Ball, location: 2F
1-2: Ball
2-2: Ball
3-2: Foul Ball, location: 2F
3-2: Strikes out swinging
Top of the 7th over - 0 runs, 0 hits, 0 errors, 2 left on base; Rocky Mountain 1 - Belle River 4
BOTTOM OF THE 7TH
Belle River Bombers batting - Pitching for Rocky Mountain Oysters : RHP Brian White
Batting: LHB Damir Clifford 0-0: Foul Ball, location: 2F
0-1: SINGLE (Flyball, 56D, EV 89.4 MPH)
Batting: RHB Jameon Gouin 0-0: Ball
1-0: Ball
2-0: Ball
3-0: Called Strike
3-1: Foul Ball, location: 2F
3-2: Foul Ball, location: 2F
3-2: Foul Ball, location: 2F
3-2: Base on Balls
Damir Clifford to second
Pitching: LHP Oscar LaJoie
Batting: LHB Leroy Sanderson 0-0: Swinging Strike
0-1: Foul Ball, location: 2F
0-2: Foul Ball, location: 2F
0-2: Strikes out looking
Batting: RHB Ny Medrano 0-0: Ball
1-0: Foul Ball, location: 2F
1-1: Swinging Strike
1-2: Ball
2-2: Foul Ball, location: 2F
2-2: Fly out, F8 (Flyball, 8LD, EV 90.6 MPH)
Batting: RHB Mitchell Shook 0-0: Called Strike
0-1: Foul Ball, location: 2F
0-2: SINGLE (Flyball, 6D, EV 92.5 MPH)
Damir Clifford to third
Jameon Gouin to second
Runner from 3rd tries for Home, throw by CF and OUT! 8-2
Bottom of the 7th over - 0 runs, 2 hits, 0 errors, 2 left on base; Rocky Mountain 1 - Belle River 4
TOP OF THE 8TH
Rocky Mountain Oysters batting - Pitching for Belle River Bombers : RHP Josiah Scaggs
Pinch Hitting: LHB Abe Ryan 0-0: Called Strike
0-1: SINGLE (Line Drive, 6M, EV 99.4 MPH)
Batting: RHB Raven Schimmenti 0-0: Called Strike
0-1: Fielders Choice at 2nd, 1-6 (Groundball, 13S, EV 65.0 MPH)
Batting: RHB Landon Bolin 0-0: Called Strike
0-1: Ball
1-1: Ball
2-1: SINGLE (Groundball, 56D, EV 93.8 MPH)
Raven Schimmenti to second
Batting: RHB Phoenix Meade 0-0: Called Strike
0-1: Ball
1-1: Single, Error in OF, E8, batter to second base (Groundball, 6MD, EV 103.1 MPH)
Raven Schimmenti scores
Landon Bolin to third
Batting: LHB Louis May 0-0: Hit by Pitch
Pitching: RHP Lindsey Benavidez
Batting: RHB Morrison Suttle 0-0: Ball
1-0: Fly out, F8 (Flyball, 8LS, EV 95.0 MPH)
Batting: LHB Sebastien Thompson 0-0: Ball
1-0: Ball
2-0: Ball
3-0: Base on Balls
Landon Bolin scores
Phoenix Meade to third
Louis May to second
Batting: SHB Seth McNeill 0-0: Ball
1-0: Ball
Wild Pitch!
Phoenix Meade scores
Louis May to third
Sebastien Thompson to second
2-0: Ground out 4-3 (Groundball, 4D, EV 102.5 MPH)
Top of the 8th over - 3 runs, 3 hits, 1 error, 2 left on base; Rocky Mountain 4 - Belle River 4
BOTTOM OF THE 8TH
Belle River Bombers batting - Pitching for Rocky Mountain Oysters : LHP Oscar LaJoie
Now at 2B: Micheal Tester
Batting: RHB Orion Rivera 0-0: Ball
1-0: SINGLE (Groundball, 15S, EV 71.2 MPH) (infield hit)
Batting: LHB Uriah Kringen 0-0: Ball
1-0: Foul Ball, location: 2F
1-1: Ball
2-1: Called Strike
2-2: Fielders Choice at 2nd, 3-6 (Groundball, 3, EV 100.6 MPH)
Batting: RHB Kyle Fielding 0-0: Called Strike
0-1: Ball
1-1: Foul Ball, location: 2F
1-2: Strikes out swinging
Batting: RHB Jovani DeCaria 0-0: Foul Ball, location: 2F
0-1: Swinging Strike
0-2: Ball
1-2: SINGLE (Groundball, 56D, EV 105.6 MPH)
Uriah Kringen to second
Pinch Hitting: RHB Ezekiel Bombard 0-0: Called Strike
0-1: Ball
1-1: Ball
Wild Pitch!
Uriah Kringen to third
Jovani DeCaria to second
2-1: Foul Ball, location: 2F
2-2: Ball
3-2: Ground out 4-3 (Groundball, 34, EV 79.4 MPH)
Bottom of the 8th over - 0 runs, 2 hits, 0 errors, 2 left on base; Rocky Mountain 4 - Belle River 4
TOP OF THE 9TH
Rocky Mountain Oysters batting - Pitching for Belle River Bombers : RHP Lindsey Benavidez
Now at 2B: Corbin Schutte
Batting: LHB Al Kinney 0-0: Foul Ball, location: 2F
0-1: Foul Ball, location: 2F
0-2: DOUBLE (Flyball, 8RXD, EV 96.2 MPH)
Batting: RHB Micheal Tester 0-0: Ball
1-0: Ball
2-0: Called Strike
2-1: Ball
3-1: Ground out 4-3 (Groundball, 4, EV 103.8 MPH)
Al Kinney to third
Batting: RHB Raven Schimmenti 0-0: Foul Ball, location: 2F
0-1: Ball
1-1: Swinging Strike
1-2: Foul Ball, location: 2F
1-2: Strikes out swinging
Batting: RHB Landon Bolin 0-0: Intentional Walk
Batting: RHB Phoenix Meade 0-0: Foul Ball, location: 2F
0-1: Swinging Strike
0-2: Strikes out swinging
Top of the 9th over - 0 runs, 1 hit, 0 errors, 2 left on base; Rocky Mountain 4 - Belle River 4
BOTTOM OF THE 9TH
Belle River Bombers batting - Pitching for Rocky Mountain Oysters : LHP Oscar LaJoie
Pitching: RHP Ken Shivley
Pinch Hitting: RHB J.C. Rico 0-0: Ball
1-0: Ball
2-0: Foul Ball, location: 2F
2-1: Ground out 4-3 (Groundball, 4M, EV 88.1 MPH)
Batting: LHB Leroy Sanderson 0-0: Ball
1-0: Ball
2-0: SINGLE (Line Drive, 56D, EV 98.8 MPH)
Batting: RHB Ny Medrano 0-0: Grounds into double play, 4-6-3 (Groundball, 34S, EV 85.0 MPH)
Bottom of the 9th over - 0 runs, 1 hit, 0 errors, 0 left on base; Rocky Mountain 4 - Belle River 4
TOP OF THE 10TH
Rocky Mountain Oysters batting - Pitching for Belle River Bombers : RHP Lindsey Benavidez
Pitching: LHP Ian Stahl
Now at 1B: Drew Harrison
Pinch Hitting: RHB Joe Hart 0-0: Foul Ball, location: 2F
0-1: Ball
1-1: Called Strike
1-2: Strikes out swinging
Batting: RHB Morrison Suttle 0-0: Swinging Strike
0-1: Ball
1-1: Fly out, F7 (Flyball, 7LM, EV 96.9 MPH)
Batting: LHB Sebastien Thompson 0-0: Swinging Strike
0-1: Ball
1-1: Foul Ball, location: 2F
1-2: Fly out, F7 (Flyball, 7, EV 94.4 MPH)
Top of the 10th over - 0 runs, 0 hits, 0 errors, 0 left on base; Rocky Mountain 4 - Belle River 4
BOTTOM OF THE 10TH
Belle River Bombers batting - Pitching for Rocky Mountain Oysters : RHP Ken Shivley
Now at 1B: Donovan McCain
Batting: RHB Mitchell Shook 0-0: Called Strike
0-1: Ball
1-1: DOUBLE (Groundball, 5L, EV 101.9 MPH)
Batting: RHB Orion Rivera 0-0: Called Strike
0-1: Ball
1-1: Ground out 5-3 (Groundball, 56, EV 86.2 MPH)
Batting: LHB Uriah Kringen 0-0: Intentional Walk
Batting: RHB Kyle Fielding 0-0: Called Strike
0-1: Ball
1-1: Foul Ball, location: 2F
1-2: Reached on error, E6 (Groundball, 6, EV 90.6 MPH)
Mitchell Shook to third
Uriah Kringen to second
Batting: RHB Jovani DeCaria 0-0: Swinging Strike
0-1: Called Strike
0-2: Ball
1-2: Foul Ball, location: 2F
1-2: Foul Ball, location: 2F
1-2: Ball
2-2: Ball
3-2: Grounds into fielders choice 3-2 (Groundball, 34, EV 82.5 MPH)
Uriah Kringen to third
Kyle Fielding to second
Batting: RHB Corbin Schutte 0-0: Foul Ball, location: 2F
0-1: Called Strike
0-2: Ball
1-2: Ball
2-2: Foul Ball, location: 2F
2-2: Strikes out looking
Bottom of the 10th over - 0 runs, 1 hit, 1 error, 3 left on base; Rocky Mountain 4 - Belle River 4
TOP OF THE 11TH
Rocky Mountain Oysters batting - Pitching for Belle River Bombers : LHP Ian Stahl
Batting: SHB Seth McNeill 0-0: Called Strike
0-1: Fly out, F7 (Line Drive, 7S, EV 99.4 MPH)
Batting: RHB Lucian Aguilar 0-0: Ball
1-0: Called Strike
1-1: Foul Ball, location: 2F
1-2: Foul Ball, location: 2F
1-2: Foul Ball, location: 2F
1-2: Strikes out looking
Batting: RHB Micheal Tester 0-0: Ball
1-0: Foul Ball, location: 2F
1-1: Foul Ball, location: 2F
1-2: Fly out, F8 (Flyball, 8LD, EV 77.5 MPH)
Top of the 11th over - 0 runs, 0 hits, 0 errors, 0 left on base; Rocky Mountain 4 - Belle River 4
BOTTOM OF THE 11TH
Belle River Bombers batting - Pitching for Rocky Mountain Oysters : RHP Ken Shivley
Pitching: RHP Justyn Cannedy
Batting: RHB Drew Harrison 0-0: Ball
1-0: Called Strike
1-1: Called Strike
1-2: Foul Ball, location: 2F
1-2: Strikes out swinging
Batting: LHB Leroy Sanderson 0-0: SINGLE (Groundball, 15S, EV 71.2 MPH) (infield hit)
Batting: RHB Ny Medrano 0-0: Ball
1-0: Grounds into double play, 6-4-3 (Groundball, 6M, EV 78.8 MPH)
Bottom of the 11th over - 0 runs, 1 hit, 0 errors, 0 left on base; Rocky Mountain 4 - Belle River 4
TOP OF THE 12TH
Rocky Mountain Oysters batting - Pitching for Belle River Bombers : LHP Ian Stahl
Batting: RHB Raven Schimmenti 0-0: Called Strike
0-1: Swinging Strike
0-2: Ball
1-2: Ball
2-2: Foul Ball, location: 2F
2-2: Fly out, F8 (Flyball, 8RXD, EV 79.4 MPH)
Pitching: LHP Brooks Strachan
Batting: RHB Landon Bolin 0-0: Ball
1-0: Foul Ball, location: 2F
1-1: Ball
2-1: Ground out 5-3 (Groundball, 5, EV 77.5 MPH)
Batting: RHB Phoenix Meade 0-0: Ball
1-0: Foul Ball, location: 2F
1-1: Foul Ball, location: 2F
1-2: Ball
2-2: Ball
3-2: Foul Ball, location: 2F
3-2: Base on Balls
Batting: RHB Donovan McCain 0-0: Ball
1-0: Called Strike
1-1: Ground out 5-3 (Groundball, 56S, EV 81.9 MPH)
Top of the 12th over - 0 runs, 0 hits, 0 errors, 1 left on base; Rocky Mountain 4 - Belle River 4
BOTTOM OF THE 12TH
Belle River Bombers batting - Pitching for Rocky Mountain Oysters : RHP Justyn Cannedy
Batting: RHB Mitchell Shook 0-0: Ball
1-0: Ball
2-0: Called Strike
2-1: Ball
3-1: Fly out, F8 (Flyball, 8LM, EV 96.9 MPH)
Batting: RHB Orion Rivera 0-0: Ground out 6-3 (Groundball, 6, EV 101.9 MPH)
Batting: LHB Uriah Kringen 0-0: Ground out 6-3 (Groundball, 4M, EV 103.8 MPH)
Bottom of the 12th over - 0 runs, 0 hits, 0 errors, 0 left on base; Rocky Mountain 4 - Belle River 4
TOP OF THE 13TH
Rocky Mountain Oysters batting - Pitching for Belle River Bombers : LHP Brooks Strachan
Batting: RHB Morrison Suttle 0-0: Foul Ball, location: 2F
0-1: Called Strike
0-2: Ball
1-2: Ball
2-2: Strikes out swinging
Batting: LHB Sebastien Thompson 0-0: Ball
1-0: Ball
2-0: Ball
3-0: Called Strike
3-1: Foul Ball, location: 2F
3-2: Foul Ball, location: 2F
3-2: Base on Balls
Pitching: LHP De'Von Salazar
Batting: SHB Seth McNeill 0-0: Fielders Choice at 2nd, 5-4 (Groundball, 56S, EV 83.8 MPH)
Batting: RHB Lucian Aguilar 0-0: Foul Ball, location: 2F
0-1: Ball
1-1: Ball
2-1: Foul Ball, location: 2F
2-2: Ball
3-2: Base on Balls
Seth McNeill to second
Batting: RHB Micheal Tester 0-0: Ball
1-0: Ball
2-0: Ball
3-0: Called Strike
3-1: Swinging Strike
3-2: Foul Ball, location: 2F
3-2: SINGLE (Groundball, 6MD, EV 101.2 MPH)
Seth McNeill to third
Lucian Aguilar to second
Seth McNeill scores
Lucian Aguilar to third
Batting: RHB Raven Schimmenti 0-0: Ball
1-0: Foul Ball, location: 2F
1-1: Ball
2-1: Foul Ball, location: 2F
2-2: Foul Ball, location: 2F
2-2: Foul Ball, location: 2F
2-2: Foul Ball, location: 2F
2-2: Ball
3-2: Foul Ball, location: 2F
3-2: Ground out 6-3 (Groundball, 6, EV 86.2 MPH)
Top of the 13th over - 1 run, 1 hit, 0 errors, 2 left on base; Rocky Mountain 5 - Belle River 4
BOTTOM OF THE 13TH
Belle River Bombers batting - Pitching for Rocky Mountain Oysters : RHP Justyn Cannedy
Batting: RHB Kyle Fielding 0-0: Ball
1-0: Called Strike
1-1: SINGLE (Line Drive, 6M, EV 101.9 MPH)
Batting: RHB Jovani DeCaria 0-0: Ball
1-0: Fly out, F9 (Flyball, 9, EV 78.8 MPH)
Batting: RHB Corbin Schutte 0-0: Called Strike
0-1: Ball
1-1: Called Strike
1-2: Foul Ball, location: 2F
1-2: Strikes out swinging
Pinch Hitting: RHB Cody Link 0-0: Ball
1-0: Ball
2-0: Ball
3-0: Called Strike
3-1: Called Strike
Pickoff Throw to First - Out! 1-3
Bottom of the 13th over - 0 runs, 1 hit, 0 errors, 0 left on base; Rocky Mountain 5 - Belle River 4
Monday, April 29th , 2024 - OOTP Baseball 23.10 Build 110